 Dungeon Crawl Stone Soup version 0.17.0-23-g0de4337 (console) character file.

2 gw the Bolt Thrower (level 1, -2/12 HPs)
             Began as a Tengu Hunter on Nov 15, 2015.
             Slain by a jackal (3 damage)
             ... on level 1 of the Dungeon.
             The game lasted 00:00:05 (18 turns).

gw the Bolt Thrower (Tengu Hunter)                    Turns: 18, Time: 00:00:05

Health: -2/12      AC:  3    Str: 12    XL:     1   Next: 30%
Magic:  2/2        EV: 12    Int: 11    God:
Gold:   0          SH:  0    Dex: 14    Spells: 0 memorised, 0 levels left

rFire  . . .     SeeInvis .     c - +0 short sword
rCold  . . .     Clarity  .     d - +0 leather armour
rNeg   . . .     SustAt   .     (no shield)
rPois  .         Gourm    .     (helmet restricted)
rElec  .         Spirit   .     (no cloak)
rCorr  .         Warding  .     (no gloves)
rMut   .         Stasis   .     (boots unavailable)
MR     .....                    (no amulet)
Stlth  +.........               (no ring)
                                (no ring)

@: not resistant to hostile enchantments, very unstealthy
A: beak, talons 3
a: no special abilities


You were on level 1 of the Dungeon.
You were not hungry.

You visited 1 branch of the dungeon, and saw 1 of its levels.

Inventory:

Hand Weapons
 a - a +1 hand crossbow
 c - a +0 short sword (weapon)
Missiles
 b - 20 bolts
Armour
 d - a +0 leather armour (worn)
Comestibles
 e - a bread ration


   Skills:
 + Level 2.0 Fighting
 * Level 4.3 Crossbows
 + Level 2.4 Dodging
 - Level 1.0 Stealth


You couldn't memorise any spells.
You didn't know any spells.

Dungeon Overview and Level Annotations

Branches:
Dungeon (1/15)

Altars:


Innate Abilities, Weirdness & Mutations

You have a beak for a mouth.
You have claws for feet.


Message History

You closely miss the jackal. The jackal bites you.
The giant newt bites you but does no damage.
Trying to move but square is occupied??
Making a random move You hit the jackal.
The jackal is moderately wounded.
The jackal barely misses you.
The jackal bites you but does no damage.
The giant newt bites you but does no damage.
The jackal barely misses you. The jackal closely misses you.
MOVING TO (2,-5)
You hit the jackal. Your kick misses the jackal.
The jackal is heavily wounded.
The jackal misses you. The giant newt barely misses you.
The jackal barely misses you.
ATTACKING (1,-1)
You barely miss the jackal. You peck the jackal.
The jackal is almost dead.
The jackal bites you.
You die...

... ##.. #.. ###
#.# #)####.##
#.##h...##
#<#Qhh...# #
#.##l!...##..
#..#.#...........
#.....######..#[
#...#.....# ...
#...#####... .
##### .


You could see 3 jackals and a giant newt.

Table legend:
 A = Turns spent in this place as a percentage of turns spent in the entire game.
 B = Non-inter-level travel turns spent in this place as a percentage of non-inter-level travel turns spent in the entire game.
 C = Inter-level travel turns spent in this place as a percentage of turns spent in this place.
 D = Turns resting spent in this place as a percentage of non-inter-level travel turns spent in this place.
 E = Turns spent auto-exploring this place as a percentage of non-inter-level travel turns spent in this place.
 F = Non-inter-level travel turns spent in this place divided by the number of levels of this place that you've seen.
                   A       B       C       D       E      F
               +-------+-------+-------+-------+-------+----------------------
         Total | 100.0 | 100.0 |   0.0 |   0.0 |   1.2 |  81.0
       Dungeon | 100.0 | 100.0 |   0.0 |   0.0 |   1.2 |  81.0
               +-------+-------+-------+-------+-------+----------------------

Table legend:
 A = Kills in this place as a percentage of kills in entire the game.
 B = Kills by you in this place as a percentage of kills by you in the entire game.
 C = Kills by friends in this place as a percentage of kills by friends in the entire game.
 D = Other kills in this place as a percentage of other kills in the entire game.
 E = Experience gained in this place as a percentage of experience gained in the entire game.
 F = Experience gained in this place divided by the number of levels of this place that you have seen.
                   A       B       C       D       E      F
               +-------+-------+-------+-------+-------+----------------------
         Total | 100.0 | 100.0 |  -nan |  -nan | 100.0 |   3.0
       Dungeon | 100.0 | 100.0 |  -nan |  -nan | 100.0 |   3.0
               +-------+-------+-------+-------+-------+----------------------

Vanquished Creatures
  A giant gecko (D:1)
1 creature vanquished.

Notes
Turn   | Place    | Note
--------------------------------------------------------------
     0 | D:1      | gw the Tengu Hunter began the quest for the Orb.
     0 | D:1      | Reached XP level 1. HP: 12/12 MP: 2/2
    18 | D:1      | Slain by a jackal

Action                   || total
-------------------------++-------
Melee: Short sword       ||     7

Vault maps used:
D:1:      dpeg_arrival_tiny_i, grunt_decor_one_mirror, corexii_corridor_pit
